 Dungeon Crawl Stone Soup version 0.29-a0-1047-g7c58e119a4 (webtiles) character file.

Game seed: 17971127244041807002

138 Zeldest the Chopper (level 5, -3/38 (47) HPs)
             Began as a Hill Orc Monk on Aug 17, 2022.
             Slain by a wight
             ... wielding a +0 falchion
              (4 damage)
             ... on level 3 of the Dungeon.
             The game lasted 00:03:07 (3044 turns).

Zeldest the Chopper (Hill Orc Monk)                 Turns: 3044, Time: 00:03:08

HP:   -3/38 (47)    AC:  6    Str: 16    XL:     5   Next: 21%
MP:   6/6           EV: 10    Int: 10    God:
Gold: 158           SH:  9    Dex: 13    Spells: 4/4 levels left

rFire   . . .      SeeInvis .   a - +0 hand axe
rCold   . . .      Faith    .   n - +0 buckler
rNeg    . . .      Spirit   .   s - +0 ring mail
rPois   .          Reflect  +   c - +0 helmet
rElec   .          Harm     .   (no cloak)
rCorr   .          Rampage  .   (no gloves)
Will    +....                   (no boots)
Stlth   +.........              d - amulet of reflection
HPRegen 0.12/turn               m - ring of willpower
MPRegen 0.10/turn               (no ring)

@: brilliant, flying, hasted, heavily drained, very quick
A: no striking features
a: no special abilities


You were on level 3 of the Dungeon.
You visited 1 branch of the dungeon, and saw 4 of its levels.

You collected 158 gold pieces.

Inventory:

Hand Weapons
 a - a +0 hand axe (weapon)
Armour
 c - a +0 helmet (worn)
 n - a +0 buckler (worn)
 s - a +0 ring mail (worn)
Jewellery
 b - a ring of wizardry
 d - an amulet of reflection (around neck)
 m - a ring of willpower (left hand)
Scrolls
 e - 2 scrolls of teleportation {unknown}
 g - 6 scrolls of identify
 i - a scroll of brand weapon {unknown}
 l - 2 scrolls of poison {unknown}
 o - a scroll of amnesia {unknown}
 p - a scroll of enchant weapon {unknown}
 q - a scroll of butterflies {unknown}
Potions
 k - 2 potions of curing


   Skills:
 + Level 4.7 Fighting
 + Level 5.1 Axes
 + Level 2.4 Armour
 - Level 2.4 Dodging
 - Level 1.5 Stealth
 + Level 1.3 Shields
 + Level 1.5 Invocations


You had 4 spell levels left.
You didn't know any spells.
Your spell library contained the following spells:

 Spells                   Type           Power      Damage    Failure   Level
 Beastly Appendage        Tmut           0%         N/A       67%         1
 Summon Small Mammal      Summ           0%         N/A       67%         1
 Ensorcelled Hibernation  Hex/Ice        0%         N/A       82%         2
 Wereblood                Tmut           0%         N/A       82%         2
 Call Canine Familiar     Summ           0%         N/A       96%         3
 Spider Form              Tmut/Pois      0%         N/A       96%         3
 Summon Guardian Golem    Hex/Summ       0%         N/A       96%         3
 Anguish                  Hex/Necr       0%         N/A       100%        4


Dungeon Overview and Level Annotations

Branches:
Dungeon (4/15)
 Temple: D:4-7

Altars:
Kikubaaqudgha

Shops:
D:2 :


Message History

The wight closely misses you. The howler monkey closely misses you.
It was a potion of magic.
Magic courses through your body. You block the howler monkey's attack.
The wight closely misses you. You block the wight's attack.
It was a potion of haste.
You feel yourself speed up.
The howler monkey hoots and howls with incredible vigour!
You block the wight's attack. The wight hits you with a +0 falchion.
You feel drained.
It was a potion of flight.
You feel very buoyant.
You fly up into the air.
The howler monkey closely misses you.
You hit the wight.
The wight is lightly damaged.
You hit the howler monkey. You barely miss the wight.
The wight hits you with a +0 falchion!
You feel drained.
The wight hits you with a +0 great sword.
You feel drained. You block the howler monkey's attack.
You barely miss the wight.
The wight is lightly damaged.
You closely miss the wight.
You hit the howler monkey but do no damage.
The wight barely misses you. You block the wight's attack.
You barely miss the wight.
The wight is lightly damaged.
You hit the howler monkey. You hit the wight.
You block the howler monkey's attack.
You hit the wight but do no damage.
The wight is lightly damaged.
You hit the howler monkey. You hit the wight but do no damage.
The wight hits you with a +0 falchion.
You feel drained.
The wight hits you with a +0 great sword!
* * * LOW HITPOINT WARNING * * *
You feel drained.
* * * LOW HITPOINT WARNING * * *
The howler monkey hoots and howls with incredible vigour!
You hit the wight but do no damage.
The wight is lightly damaged.
You hit the wight. You hit the howler monkey.
The wight hits you with a +0 falchion.
You die...

##.....# ##.#.##.#
##.....# ##..[##.##
.#.....# #........#
.#.....# #........#
.'.....# #........#
.#.....# ####..#.##
##### .#.#####
#..#.### ###....
.#.# #......#
#####...≈≈. ##.###
###@z#.###.....≈≈≈≈.
#...#
#hz#.##..≈≈≈≈≈≈##'
###.#
##.#.#..≈≈≈≈≈≈≈#..
#.#
#(#.#.≈≈≈.....#.)
####.#
#.#...≈≈).....#.)
.....#
#.###.≈≈..##'##..
###### #.#
#.≈≈..#...#..
#.###.≈≈..#...#..
#.....≈≈..#...#..


You could see a howler monkey (catching breath) and 2 wights.

Vanquished Creatures
  An orc wizard (D:3)
  Robin (D:3)
  4 adders
  3 orcs (D:3)
  2 bats
  5 endoplasms
  A giant cockroach (D:3)
  14 goblins
  8 hobgoblins
  3 jackals (D:3)
  2 kobolds
  3 quokkas
  5 frilled lizards
  7 rats
59 creatures vanquished.

Vanquished Creatures (others)
  A goblin (D:3)
1 creature vanquished.

Grand Total: 60 creatures vanquished

Notes
Turn   | Place    | Note
-------+----------+-------------------------------------------
     0 | D:1      | Zeldest the Hill Orc Monk began the quest for the Orb.
     0 | D:1      | Reached XP level 1. HP: 19/19 MP: 1/1
   792 | D:1      | Reached XP level 2. HP: 27/27 MP: 2/2
   927 | D:1      | Reached skill level 1 in Armour
  1077 | D:2      | Found an ancient bone altar of Kikubaaqudgha.
  1178 | D:2      | Found a faded altar of an unknown god.
  1236 | D:2      | Reached XP level 3. HP: 32/33 MP: 3/3
  1535 | D:2      | Found Naquwk's Book Boutique.
  1787 | D:3      | Reached XP level 4. HP: 25/41 MP: 4/4
  2386 | D:3      | Noticed Robin
  2395 | D:3      | Reached skill level 1 in Invocations
  2403 | D:3      | Reached skill level 5 in Axes
  2403 | D:3      | Killed Robin
  2404 | D:3      | Reached skill level 1 in Shields
  2773 | D:3      | Reached XP level 5. HP: 32/47 MP: 4/6
  3043 | D:3      | HP: 2/40 [wight/+0 great sword (13)]
  3044 | D:3      | Slain by a wight

Illustrated notes

Levels and vault maps discovered:
D:1:      zelgadis_glass_arrival_small, layout_basic, serial_co_window_serial,
          co_window_paths_a, co_window_of_opportunity_a, co_window_paths_a,
          co_window_paths_b, co_window_of_opportunity_a, co_window_paths_a,
          co_window_corner_a, co_window_of_opportunity_b, co_window_cross_4,
          co_window_broadway_a, co_window_broadway_b, co_window_4corner_b,
          glass_columns_a, glass_columns_c, glass_columns_b, glass_columns_c,
          glass_columns_c
D:2:      cheibrodos_old_hovel, layout_rooms, basic_altar,
          shapermc_ecumenical_altar_venn, serial_shops, shop,
          uniq_crazy_yiuf_cottage
D:3:      kennysheep_goblin_castle, layout_basic
D:4:      layout_cave_pools, eat_drink_and_be_merry_uskayaw,
          minmay_overflow_temple_star_quad, grunt_dithmenos_smoke_and_mirrors,
          nemelex_spade_bored_becter, hangedman_decor_growths, uniq_robin

Skill      XL: |  1  2  3  4 |
---------------+-------------+-----
Armour         | 1 2 |  2.4
Fighting       | 4 |  4.7
Invocations    | 1 |  1.5
Axes           | 5 |  5.1
Shields        | 1 |  1.3
Dodging        | |  2.4
Stealth        | |  1.5

Action                   |  1- 3 |  4- 6 || total
-------------------------+-------+-------++-------
Melee: Hand axe          |    97 |    83 ||   180
  Use: Potion            |     1 |     4 ||     5
       Scroll            |       |     1 ||     1
 Stab: Sleeping          |     5 |       ||     5
Armor: Robe              |    13 |    21 ||    34
       Ring mail         |       |    11 ||    11
Dodge: Dodged            |    57 |    66 ||   123
Block: Other             |    10 |       ||    10
       Buckler           |     7 |    60 ||    67
       Reflection        |       |     7 ||     7

Table legend: (Time is in decaauts)
 A = Elapsed time spent in this place.
 B = Non-inter-level travel time spent in this place.
 C = Inter-level travel time spent in this place.
 D = Time resting spent in this place.
 E = Time spent auto-exploring this place.
 F = Levels seen in this place.
 G = Mean time per level.
                   A        B        C        D        E       F      G
               +--------+--------+--------+--------+--------+-----+--------+
         Total |   3058 |   2914 |    144 |    469 |   1928 |   4 |  764.5 |
       Dungeon |   3058 |   2914 |    144 |    469 |   1928 |   4 |  764.5 |
               +--------+--------+--------+--------+--------+-----+--------+

Top non-repeatable levels by time:
     D:3: 1437 daAuts
     D:1: 1078 daAuts
     D:2: 539 daAuts
     D:4: 2 daAuts
